 Dungeon Crawl Stone Soup version 0.25-a0-246-g58704a1ebd (webtiles) character file.

Game seed: 8026266280247585651, levelgen mode: deterministic

49 Jerej03 the Chiller (level 3, 0/16 HPs)
             Began as a Vine Stalker Ice Elementalist on Dec 3, 2019.
             Succumbed to an adder's poison
             ... on level 2 of the Dungeon.
             The game lasted 00:14:36 (1022 turns).

Jerej03 the Chiller (Vine Stalker Ice Elementalist) Turns: 1022, Time: 00:14:36

Health: 0/16       AC:  4    Str: 10    XL:     3   Next: 77%
Magic:  6/8        EV: 12    Int: 16    God:
Gold:   88         SH:  0    Dex: 16    Spells: 3/7 levels left

rFire    + . .     SeeInvis .   f - +0 short sword
rCold    x . .     Gourm    .   (no shield)
rNeg     + . .     Faith    .   a - +0 robe
rPois    .         Spirit   +   (no helmet)
rElec    .         Reflect  .   e - +1 cloak
rCorr    .         Harm     .   (no gloves)
MR       .....     Clarity  +   (no boots)
Stlth    ++........             i - amulet of guardian spirit
HPRegen  0.05/turn              j - ring of positive energy
MPRegen  0.11/turn              l - ring of fire

@: lethally poisoned (0 -> -4)
A: fangs 2, agile 1, clarity, high mp 1, magic shield, antimagic bite, no potion
heal 3, rot immunity
a: no special abilities


You were on level 2 of the Dungeon.
You were not hungry.

You visited 1 branch of the dungeon, and saw 2 of its levels.

You collected 88 gold pieces.

Inventory:

Hand Weapons
 b - a +0 dagger
 f - a +0 short sword (weapon)
Armour
 a - a +0 robe (worn)
 e - a +1 cloak (worn)
Jewellery
 h - a +5 ring of intelligence
 i - an amulet of guardian spirit (around neck)
 j - a ring of positive energy (left hand)
 l - a ring of fire (right hand)
Scrolls
 g - a scroll of teleportation
 k - a scroll of identify
Comestibles
 c - 4 rations


   Skills:
 + Level 0.2 Short Blades
 + Level 1.6 Dodging
 + Level 2.6 Stealth
 + Level 2.6 Spellcasting
 + Level 5.0 Ice Magic


You had 3 spell levels left.
You knew the following spells:

 Your Spells              Type           Power        Failure   Level  Hunger
a - Freeze                Ice            ###.         2%          1    #......
b - Ozocubu's Armour      Chrm/Ice       ##......     22%         3    ###....

Your spell library contained the following spells:

 Spells                   Type           Power        Failure   Level  Hunger
 Hailstorm                Conj/Ice       ##......     56%         4    #####..
 Summon Ice Beast         Ice/Summ       ##......     56%         4    #####..


Dungeon Overview and Level Annotations

Branches:
Dungeon (2/15)

Altars:


Innate Abilities, Weirdness & Mutations

You have extremely sharp teeth.
When hurt, damage is shared between your health and your magic reserves.
Your bite disrupts and absorbs the magic of your enemies.
Potions cannot restore your health.
You are immune to rotting.
You are agile. (Dex +2)
You possess an exceptional clarity of mind.
You have an increased reservoir of magic. (+10% MP)


Message History

There is a lethal amount of poison in your body!
Your icy armour cracks and falls away as you move.
You feel sick.
You feel sick.
You see here an adder corpse.
You feel sick.
Your magical contamination has completely faded away.
You feel sick.
You feel sick.
* * * LOW HITPOINT WARNING * * *
You feel sick.
Found 4 boomerangs of dispersal.
* * * LOW HITPOINT WARNING * * *
You feel sick.
* * * LOW HITPOINT WARNING * * *
You feel sick.
* * * LOW HITPOINT WARNING * * *
You feel sick.
You see here 4 boomerangs of dispersal.
You die...

######. .##
#...... ..
...##### ..
.########### ##.
............ #..
#.........#. #.#
#........... #.###
#........)..
#@..########.#.###
##.(.........<.# #
#...........#..##
#...........##.##
#######........##
###.........
#...#...#...
##.#####...#.
####..# #......


There were no monsters in sight!

Vanquished Creatures
  An adder (D:2)
  A leopard gecko (D:2)
  4 giant cockroaches
  8 goblins
  2 hobgoblins (D:1)
  4 bats
  3 frilled lizards
  7 kobolds
  8 rats
38 creatures vanquished.

Notes
Turn   | Place    | Note
-------+----------+-------------------------------------------
     0 | D:1      | Jerej03 the Vine Stalker Ice Elementalist began the quest
                  | for the Orb.
     0 | D:1      | Reached XP level 1. HP: 9/9 MP: 4/4
   110 | D:1      | Reached XP level 2. HP: 6/13 MP: 1/6
   513 | D:1      | Reached XP level 3. HP: 11/16 MP: 4/7
   688 | D:1      | Learned a level 3 spell: Ozocubu's Armour
   767 | D:2      | Gained mutation: You are agile. (Dex +2) [potion of
                  | mutation]
   767 | D:2      | Gained mutation: You have an increased reservoir of magic.
                  | (+10% MP) [potion of mutation]
   767 | D:2      | Gained mutation: You possess an exceptional clarity of
                  | mind. [potion of mutation]
   994 | D:2      | Reached skill level 5 in Ice Magic
  1022 | D:2      | Succumbed to an adder's poison

Levels and vault maps discovered:
D:1:      doesnt_arrival_eight_statues, layout_loops_cross
D:2:      layout_rooms, grunt_ministairs_7, kennysheep_generic_room_11,
          uniq_crazy_yiuf_cottage

Skill      XL: |  1  2  3 |
---------------+----------+-----
Ice Magic      | 5 |  5.0
Short Blades   | |  0.2
Dodging        | |  1.6
Stealth        | |  2.6
Spellcasting   | |  2.6

Action                   || total
-------------------------++-------
Melee: Unarmed           ||    14
       Bite              ||     6
       Short sword       ||    28
       Dagger            ||     2
Throw: Throwing net      ||     1
 Cast: Freeze            ||    37
       Ozocubu's Armour  ||     2
  Use: Scroll            ||     5
       Potion            ||     3
  Eat: Chunk             ||     1
Armor: Robe              ||    17
Dodge: Dodged            ||    40

Table legend:
 A = Non-vault XP
 B = Vault XP
 C = Vault XP percentage of total XP
 D = Non-vault monster count
 E = Vault monster count
 F = Vault count percentage of total count
                 A         B        C        D         E       F
            +---------+---------+-------+---------+---------+-------
      Total |      67 |       4 |   5.6 |      36 |       2 |   5.3
            +---------+---------+-------+---------+---------+-------
        D:1 |      39 |       0 |   0.0 |      26 |       0 |   0.0
        D:2 |      28 |       4 |  12.5 |      10 |       2 |  16.7
            +---------+---------+-------+---------+---------+-------
